 Dungeon Crawl Stone Soup version 0.30.1-8-g117510f58f (webtiles) character file.

Game seed: 9509821348280525449

291 monsoonserge the Trooper (level 6, 0/48 HPs)
             Began as a Demonspawn Monk on Sept 22, 2023.
             Slain by a white imp (5 damage)
             ... on level 5 of the Dungeon.
             The game lasted 00:06:19 (3517 turns).

monsoonserge the Trooper (Demonspawn Monk)          Turns: 3517, Time: 00:06:21

Health: 0/48       AC:  8    Str: 11    XL:     6   Next: 10%
Magic:  6/6        EV: 10    Int: 11    God:
Gold:   190        SH:  0    Dex: 18    Spells: 5/5 levels left

rFire   . . .        l - +2 dagger (vamp)
rCold   . . .        d - orb {light}
rNeg    . . .        t - +0 scale mail
rPois   .            (no helmet)
rElec   .            y - +0 cloak
rCorr   +            B - +0 pair of gloves
SInv    .            (no boots)
Will    .....        (no amulet) Stlth
                     g - ring of resist corrosion
HPRegen 0.28/turn    (no ring)
MPRegen 0.10/turn

%: no passive effects
@: confused, ambrosia-drunk, glowing
A: demonic guardian 1, condensation shield, weakness stinger 1
a: no special abilities


You were on level 5 of the Dungeon.
You visited 2 branches of the dungeon, and saw 6 of its levels.

You collected 190 gold pieces.

Inventory:

Hand Weapons
 a - a +0 falchion
 l - a +2 vampiric dagger (weapon)
Missiles
 i - 4 atropa-tipped darts
 j - 2 poisoned darts (quivered)
Armour
 b - a +0 robe
 d - an orb of light (worn)
 t - a +0 scale mail (worn)
 y - a +0 cloak (worn)
 B - a +0 pair of gloves (worn)
 C - a +0 ring mail
Jewellery
 g - a ring of resist corrosion (left hand)
Scrolls
 h - a scroll of identify {unknown}
 k - a scroll of enchant weapon {unknown}
 m - a scroll of fear {unknown}
 n - 3 scrolls of magic mapping {unknown}
 o - a scroll of fog {unknown}
 v - a scroll of silence {unknown}
 w - a scroll of noise {unknown}
 x - a scroll of brand weapon {unknown}
 z - a scroll of immolation {unknown}
 A - a scroll of enchant armour {unknown}
Potions
 e - 2 potions of magic {unknown}
 f - 5 potions of curing {unknown}
 p - a potion of brilliance {unknown}
 q - 2 potions of heal wounds {unknown}
 r - a potion of mutation {unknown}
 s - a potion of flight {unknown}
 u - 6 potions of might {unknown}
 D - a potion of lignification {unknown}


   Skills:
 + Level 4.2 Fighting
 + Level 1.6(2.7) Short Blades
 - Level 3.2(3.5) Long Blades
 + Level 1.1 Armour
 + Level 4.2 Dodging
 + Level 0.6 Stealth
 + Level 1.1 Shields


You had 5 spell levels left.
You didn't know any spells.
Your spell library contained the following spells:

 Spells                   Type           Power      Damage    Failure   Level
 Sublimation of Blood     Necr           0%         N/A       97%         2
 Wereblood                Tmut           0%         N/A       97%         2
 Petrify                  Tmut/Erth      0%         N/A       100%        4
 Irradiate                Conj/Tmut      0%         3d11      100%        5
 Summon Hydra             Summ           0%         N/A       100%        7


Dungeon Overview and Level Annotations

Branches:
Dungeon (5/15)             Temple (1/1) D:5

Altars:
Cheibriados
Dithmenos
Hepliaklqana
Kikubaaqudgha
Makhleb
Qazlal
Sif Muna
Vehumet
Wu Jian
Xom
Yredelemnul

Shops:
D:2 [

Annotations:
D:3 1 runed translucent door, Crazy Yiuf
D:4 2 transporters, Kurtz's ghost, novice TeFi


Innate Abilities, Weirdness & Mutations

A weak demonic guardian rushes to your aid.
A meltable shield of frost defends you. (SH +4)
You have a small tail.


Message History

There are no items here.
You see here 8 gold pieces.
You now have 190 gold pieces (gained 8).
The white imp gestures at you. The puff of frost hits you!
The white imp gestures at you. The puff of frost hits you.
The white imp completely misses you.
You hit the white imp but do no damage. The white imp barely misses you.
You barely miss the white imp. You tail-slap the white imp.
The white imp is moderately wounded.
The white imp hits you. The white imp freezes you.
You hit the white imp.
The white imp is moderately wounded.
The white imp hits you. The white imp freezes you.
You hit the white imp but do no damage.
The white imp is moderately wounded.
The white imp gestures at you. The puff of frost hits you!
* * * LOW HITPOINT WARNING * * *
You hit the white imp.
The white imp is severely wounded.
The white imp gestures at you. The puff of frost hits you.
* * * LOW HITPOINT WARNING * * *
A demonic guardian appears!
You hit the white imp but do no damage.
The white imp is severely wounded.
Your ufetubus barely misses the white imp. x2
The white imp hits you.
* * * LOW HITPOINT WARNING * * *
The white imp freezes you.
* * * LOW HITPOINT WARNING * * *
You are confused.
You feel invigorated.
Your ufetubus hits the white imp.
Your ufetubus barely misses the white imp.
The white imp hits you.
* * * LOW HITPOINT WARNING * * *
The white imp freezes you.
You die...

................
#.
#....)..........#
..
...........##....
.. .
.....###........
..
...#....#..#....>.
..
...#..#.8.#.##....
.. ...#.....##
.... # ##.#8.558#
.#. #.....@..# ..
. #...#.8.#.....
##............
#.......##...
##...........
##..)...$...
..........
...#.......
...#....#..


You could see a white imp (ally target) and a friendly ufetubus (summoned).

Vanquished Creatures
  A howler monkey (D:4)
  2 iguanas
  Terence (D:2)
  An orc wizard (D:5)
  6 adders
  An ufetubus (D:4)
  2 dart slugs (D:1)
  4 orcs
  10 ball pythons
  6 endoplasms
  4 giant cockroaches
  10 goblins
  9 hobgoblins
  6 kobolds
  5 quokkas
  3 bats
  2 frilled lizards
  4 rats
77 creatures vanquished.

Vanquished Creatures (collateral kills)
  An orc (D:4)
1 creature vanquished.

Grand Total: 78 creatures vanquished

Notes
Turn   | Place    | Note
-------+----------+-------------------------------------------
     0 | D:1      | monsoonserge the Demonspawn Monk began the quest for the
                  | Orb.
     0 | D:1      | Reached XP level 1. HP: 18/18 MP: 1/1
    45 | D:1      | Gained mutation: A meltable shield of frost defends you.
                  | (SH +4) [demonic ancestry]
    45 | D:1      | Reached XP level 2. HP: 15/24 MP: 2/2
    89 | D:1      | Found a faded altar of an unknown god.
   351 | D:1      | Gained mutation: You have a small tail. [demonic ancestry]
   351 | D:1      | Reached XP level 3. HP: 27/29 MP: 3/3
   735 | D:2      | Found Leggud's Antique Armour Shoppe.
   889 | D:2      | Noticed Terence
   908 | D:2      | Killed Terence
   909 | D:2      | Gained mutation: A weak demonic guardian rushes to your
                  | aid. [demonic ancestry]
   909 | D:2      | Reached XP level 4. HP: 15/37 MP: 4/4
  1552 | D:3      | Found a runed translucent door.
  2019 | D:3      | Noticed Crazy Yiuf
  2193 | D:4      | Found a stormy altar of Qazlal.
  2255 | D:5      | Entered Level 5 of the Dungeon
  2261 | D:5      | Reached XP level 5. HP: 42/42 MP: 5/5
  2284 | D:4      | Reached skill level 1 in Short Blades
  2434 | D:4      | Found a snail-covered altar of Cheibriados.
  2449 | D:4      | Found a transporter.
  2458 | D:4      | Noticed Kurtz's ghost (novice TeFi)
  2467 | D:4      | Found a transporter.
  2541 | D:4      | Reached skill level 1 in Shields
  3273 | D:5      | Reached XP level 6. HP: 44/48 MP: 6/6
  3276 | D:5      | Found a staircase to the Ecumenical Temple.
  3306 | D:5      | Reached skill level 1 in Armour
  3309 | D:5      | Identified the +4 trident of Resumed Hostilities {flame,
                  | Will+ Int+3}
  3312 | Temple   | Entered the Ecumenical Temple
  3517 | D:5      | Slain by a white imp

Illustrated notes

Levels and vault maps discovered:
D:1:      onia_arrival_mini_maze_b, layout_rooms,
          chequers_ecumenical_altar_simple
D:2:      layout_loops_ring, serial_shops, shop, uniq_terence
D:3:      layout_basic, uniq_crazy_yiuf_cottage
D:4:      layout_loops_corners, lemuel_tele_altar, kennysheep_mini_moat,
          gammafunk_ghost_stat_death, minmay_goblin_outpost
D:5:      layout_cave_pools, minmay_temple_entry_statues_pillars, serial_shops,
          shop, uniq_blork_the_orc
Temple:   nicolae_temple_hex_pool

Skill      XL: |  1  2  3  4  5  6 |
---------------+-------------------+-----
Long Blades    | 3 |  3.2
Dodging        | 3 4 |  4.2
Fighting       | 4 |  4.2
Short Blades   | 1 |  1.6
Shields        | 1 |  1.1
Armour         | 1 |  1.1
Stealth        | |  0.6

Action                     |  1- 3 |  4- 6 || total
---------------------------+-------+-------++-------
  Melee: Falchion          |    64 |       ||    64
         Dagger            |    26 |   208 ||   234
         Tailslap          |     7 |    40 ||    47
  Throw: Dart              |       |     3 ||     3
    Use: Potion            |       |     1 ||     1
 Armour: Robe              |    12 |     1 ||    13
         Scale mail        |       |    65 ||    65
  Dodge: Dodged            |    53 |    85 ||   138
  Block: Orb               |     8 |    24 ||    32
